 Dungeon Crawl Stone Soup version 0.21-a0-518-g43a1781 (webtiles) character file.

214 kiturien the Covered (level 5, -2/47 HPs)
             Began as a Minotaur Fighter on Dec 4, 2017.
             Was a Follower of Wu Jian.
             Slain by Menkaure (13 damage)
             ... on level 4 of the Dungeon.
             The game lasted 00:06:29 (2773 turns).

kiturien the Covered (Minotaur Fighter)             Turns: 2773, Time: 00:06:30

Health: -2/47      AC: 12    Str: 22    XL:     5   Next: 59%
Magic:  4/4        EV:  4    Int:  5    God:    Wu Jian [*.....]
Gold:   186        SH:  9    Dex:  9    Spells: 4/4 levels left

rFire    . . .     SeeInvis .   a - +2 war axe
rCold    . . .     Gourm    .   c - +0 shield
rNeg     . . .     Faith    .   k - +0 plate armour
rPois    .         Spirit   .   (helmet restricted)
rElec    .         Reflect  .   (no cloak)
rCorr    .         Harm     .   (no gloves)
MR       .....                  (no boots)
Stlth    ..........             (no amulet)
HPRegen  0.15/turn              (no ring)
MPRegen  0.09/turn              (no ring)

@: no status effects
A: retaliatory headbutt, horns 2
a: Renounce Religion


You were on level 4 of the Dungeon.
You worshipped Wu Jian.
Wu Jian was aware of your devotion.
You were very hungry.

You visited 1 branch of the dungeon, and saw 4 of its levels.

You collected 186 gold pieces.

Inventory:

Hand Weapons
 a - a +2 war axe (weapon)
Armour
 c - a +0 shield (worn)
 k - a +0 plate armour (worn)
Scrolls
 b - a scroll of teleportation
 e - 6 scrolls of remove curse
 i - 2 scrolls of fog
 l - 3 scrolls of enchant weapon
 m - 4 scrolls of identify
 q - a scroll of blinking {unknown}
 r - a scroll of magic mapping
Potions
 d - a potion of might
 g - a potion of haste
 p - a potion of lignification
Comestibles
 f - 4 bread rations
 h - 2 meat rations
 o - 5 royal jellies


   Skills:
 * Level 4.4 Fighting
 * Level 4.7 Axes
 * Level 4.7 Armour
 * Level 1.3 Dodging
 * Level 4.7 Shields


You had 4 spell levels left.
You didn't know any spells.

Dungeon Overview and Level Annotations

Branches:
Dungeon (4/15)
 Temple: D:4-7

Altars:
Cheibriados
Elyvilon
Qazlal
Wu Jian
Zin
The Shining One

Annotations:
D:4 Grinder, Menkaure


Innate Abilities, Weirdness & Mutations

You reflexively headbutt those who attack you in melee.
You have a pair of horns on your head.


Message History

You can move again.
You hit Grinder. Your headbutt misses Grinder.
Grinder is almost dead.
Your plate armour prevents you from hitting Menkaure.
Menkaure completely misses you. You furiously retaliate!
You headbutt Menkaure. You block Grinder's attack.
Unknown command.
You closely miss Grinder. Your headbutt misses Grinder.
Grinder is almost dead.
You slash Menkaure! Menkaure casts a spell at you.
You barely resist.
Grinder says, "I used to sell toenails on the black market."
You block Grinder's attack.
You closely miss Grinder.
Grinder is almost dead.
Your shield and plate armour prevent you from hitting Menkaure.
Grinder blinks!
Menkaure hits you but does no damage.
Grinder blinks!
Menkaure hits you!
You die...

.....#.......
...........
......... .......
.....# ## ...!#..#
#§M..# #
########@..# #
#........###
####### #.....§...#
### ......#
#...5.....# #.#
###.#.###.........#
#.# #....
###.#.............#
#.# #....
+...#.............#
#.#.# #..#.
###.#.............#
#.#.# #..#^ #
#.#.............#
#.#.# #..#.


You could see Grinder and Menkaure.

Vanquished Creatures
  Jessica (D:2)
  Terence (D:3)
  Robin (D:3)
  3 gnolls (D:4)
  3 adders
  2 oozes
  2 worms
  4 dart slugs
  A leopard gecko (D:2)
  3 giant cockroaches
  15 goblins
  9 hobgoblins
  8 jackals
  4 bats
  4 frilled lizards
  7 kobolds
  A quokka skeleton (D:4)
  4 rats
  A plant (D:3)
74 creatures vanquished.

Notes
Turn   | Place    | Note
-------+----------+-------------------------------------------
     0 | D:1      | kiturien the Minotaur Fighter began the quest for the Orb.
     0 | D:1      | Reached XP level 1. HP: 19/19 MP: 0/0
   131 | D:1      | Reached XP level 2. HP: 17/27 MP: 1/1
   822 | D:1      | Reached XP level 3. HP: 32/33 MP: 2/2
  1102 | D:2      | Found a glowing silver altar of Zin.
  1102 | D:2      | Found a white marble altar of Elyvilon.
  1102 | D:2      | Found a glowing golden altar of the Shining One.
  1151 | D:2      | Noticed Jessica
  1157 | D:2      | Killed Jessica
  1157 | D:2      | Reached XP level 4. HP: 40/40 MP: 3/3
  1635 | D:2      | Found a stormy altar of Qazlal.
  1635 | D:2      | Found an ornate altar of the Wu Jian Council.
  1657 | D:2      | Became a worshipper of the Wu Jian Council
  1748 | D:3      | Found a snail-covered altar of Cheibriados.
  1769 | D:3      | Noticed Robin
  1776 | D:3      | Reached skill level 1 in Dodging
  1782 | D:3      | Killed Robin
  1787 | D:3      | Reached XP level 5. HP: 31/46 MP: 4/4
  2037 | D:3      | Noticed Terence
  2043 | D:3      | Killed Terence
  2084 | D:3      | Reached * piety under Wu Jian
  2757 | D:4      | Noticed Grinder
  2757 | D:4      | Noticed Menkaure
  2769 | D:4      | Paralysed by Grinder for 2 turns
  2773 | D:4      | Slain by Menkaure

Vault maps used:
D:1:      sevenhm_arrival_forest_fort_large_2
D:2:      good_gods_mini_temple, gammafunk_temple_overflow_pools, uniq_jessica
D:3:      cheibriados_altar_1, first_bread, kennysheep_boxes, uniq_terence,
          uniq_robin
D:4:      nicolae_ru_the_path_less_chosen, uniq_grinder,
          uniq_crazy_yiuf_cottage, uniq_menkaure

Skill      XL: |  1  2  3  4 |
---------------+-------------+-----
Armour         | 4 |  4.7
Shields        | 4 |  4.7
Fighting       | 4 |  4.4
Axes           | 3 4 |  4.7
Dodging        | 1 |  1.3

Action                   |  1- 3 |  4- 6 || total
-------------------------+-------+-------++-------
Melee: War axe           |    81 |    88 ||   169
       Headbutt          |    13 |    14 ||    27
  Use: Scroll            |     6 |     1 ||     7
       Potion            |     2 |     7 ||     9
  Eat: Chunk             |     1 |     4 ||     5
Armor: Scale mail        |    25 |       ||    25
       Plate armour      |    21 |    56 ||    77
Dodge: Dodged            |    28 |    15 ||    43
Block: Shield            |    45 |    50 ||    95

Table legend:
 A = Spawn XP
 B = Non-spawn XP
 C = Spawn XP percentage of total XP
 D = Spawn monster count
 E = Non-spawn monster count
 F = Spawn count percentage of total count
 G = Total turns spent on level
                    A         B        C        D         E        F      G
               +---------+---------+-------+---------+---------+-------+---------
         Total |       0 |     306 |   0.0 |       0 |      73 |   0.0 |  2773
               +---------+---------+-------+---------+---------+-------+---------
           D:1 |       0 |      43 |   0.0 |       0 |      22 |   0.0 |   879
           D:2 |       0 |      94 |   0.0 |       0 |      19 |   0.0 |   806
           D:3 |       0 |     111 |   0.0 |       0 |      26 |   0.0 |   679
           D:4 |       0 |      58 |   0.0 |       0 |       6 |   0.0 |   409
               +---------+---------+-------+---------+---------+-------+---------
